 Dungeon Crawl Stone Soup version 0.32-a0-868-g153ae1a8d6 (webtiles) character file.

Game seed: 3978071282161856341

235230 epen the Spry (level 19, -8/161 HPs)
             Began as a Gnoll Alchemist on Mar 28, 2024.
             Was the Champion of Ashenzari.
             Killed from afar by a hellephant (66 damage)
             ... with a blast of flame
             ... led by Margery
             ... on level 3 of the Vaults.
             The game lasted 02:04:31 (43962 turns).

epen the Spry (Gnoll Alchemist)                    Turns: 43962, Time: 02:04:31

Health: -8/161     AC: 19    Str: 13    XL:     19   Next: 62%
Magic:  7/41       EV: 42    Int: 22    God:    Ashenzari [******]
Gold:   1963       SH:  9    Dex: 16    Spells: 8/54 levels left

rFire   x . .        x - +9 demon trident of the Oracular Atheism {freeze, +Blink Int+2 SInv, Melee, Dev} (curse)
rCold   + + +        e - +1 buckler "Cursed Gloom" {AC+3, Bglg, Fort} (curse)
rNeg    + . .        R - +4 skin of Zhor {*Englaciate rC+++ SInv, Sorc, Cun} (curse)
rPois   .            N - +2 helmet "Omniscient Desperation" {Cun, Comp} (curse)
rElec   +            q - scarf "Thunder Perfect Mind" {+Inv, rElec rF- rN+ Will+, Bglg, Self} (curse)
rCorr   +            w - +2 pair of gloves of the Astral Seer {Comp, Range} (curse)
SInv    +            u - +0 pair of boots "Cryptic Free Expression" {Elem, Comp} (curse)
Will    ++...        s - amulet "Bound Sorrow" {Acrobat ^Fragile Str+2 Int+4, Range, Sorc} (curse)
Stlth   +++++++      l - ring "Chained Together" {rCorr, Range, Bglg} (curse)
HPRegen 0.46/turn    O - ring of Ashenzari's Sun {EV+5, Sorc, Self} (curse)
MPRegen 0.27/turn

%: acrobat, clarity
@: about to teleport, acrobatic, studying Dodging
A: fangs 1, strong nose, distributed training
}: 1/15 runes: decaying
a: Renounce Religion, Evoke Blink, Evoke Invisibility, Shatter the Chains


You were on level 3 of the Vaults.
You worshipped Ashenzari.
Ashenzari was exalted by your worship.
You visited 7 branches of the dungeon, and saw 31 of its levels.
You also visited: Ossuary, Bailey, Gauntlet and Ice Cave.

You collected 3897 gold pieces.
You spent 1934 gold pieces at shops.

Inventory:

Hand Weapons
 x - the cursed +9 demon trident of the Oracular Atheism (weapon) {freeze, +Blink Int+2 SInv, Melee, Dev}
   (You bought it in a shop on level 2 of the Orcish Mines)

   Int+2:     It affects your intelligence (+2).
   SInv:      It lets you see invisible.
   +Blink:    It lets you blink.
   It has a curse which improves the following skills: Melee Combat: Short
   Blades, Long Blades, Axes, Maces & Flails, Polearms, Staves and Unarmed
   Combat.
   Devices:   Evocations and Shapeshifting.
Missiles
 E - 7 throwing nets
Armour
 e - the cursed +1 buckler "Cursed Gloom" (worn) {AC+3, Bglg, Fort}
   (You found it on level 11 of the Dungeon)

   It has a curse which improves the following skills: Beguiling: Hexes and
   Translocations.
   Fortitude: Armour and Shields.
 q - the cursed scarf "Thunder Perfect Mind" (worn) {+Inv, rElec rF- rN+ Will+, Bglg, Self}
   (You acquired it on level 7 of the Dungeon)

   rF-:       It makes you vulnerable to fire.
   rElec:     It insulates you from electricity.
   rN+:       It protects you from negative energy.
   Will+:     It increases your willpower.
   It has a curse which improves the following skills: Beguiling: Hexes and
   Translocations.
   Introspection: Fighting and Spellcasting.
 u - the cursed +0 pair of boots "Cryptic Free Expression" (worn) {Elem, Comp}
   (You found it on level 1 of the Lair of Beasts)

   It has a curse which improves the following skills: Elements: Fire Magic, Ice
   Magic, Air Magic and Earth Magic.
   Companions: Summonings and Necromancy.
 w - the cursed +2 pair of gloves of the Astral Seer (worn) {Comp, Range}
   (You found it on level 4 of the Dungeon)

   It has a curse which improves the following skills: Companions: Summonings
   and Necromancy.
   Ranged Combat: Ranged Weapons and Throwing.
 N - the cursed +2 helmet "Omniscient Desperation" (worn) {Cun, Comp}
   (You found it on level 9 of the Dungeon)

   It has a curse which improves the following skills: Cunning: Dodging and
   Stealth.
   Companions: Summonings and Necromancy.
 R - the cursed +4 skin of Zhor (worn) {*Englaciate rC+++ SInv, Sorc, Cun}
   (You found it in an ice cave)

   *Englaciate: It radiates cold, occasionally slowing all nearby creatures who
   are not resistant to cold.
   rC+++:     It renders you almost immune to cold.
   SInv:      It lets you see invisible.
   It has a curse which improves the following skills: Sorcery: Conjurations and
   Alchemy.
   Cunning:   Dodging and Stealth.
 U - a scarf of resistance
 Y - a +2 helmet of intelligence
Jewellery
 h - a ring of protection from fire
 l - the cursed ring "Chained Together" (left hand) {rCorr, Range, Bglg}
   (You found it on level 1 of the Dungeon)

   [ring of resist corrosion]

   rCorr:     It protects you from acid and corrosion.
   It has a curse which improves the following skills: Ranged Combat: Ranged
   Weapons and Throwing.
   Beguiling: Hexes and Translocations.
 p - a +4 ring of slaying
 s - the cursed amulet "Bound Sorrow" (around neck) {Acrobat ^Fragile Str+2 Int+4, Range, Sorc}
   (You found it on level 12 of the Dungeon)

   [amulet of the acrobat]

   Acrobat:   It increases your evasion while moving and waiting.
   Str+2:     It affects your strength (+2).
   Int+4:     It affects your intelligence (+4).
   ^Fragile:  It will be destroyed if unequipped.
   It has a curse which improves the following skills: Ranged Combat: Ranged
   Weapons and Throwing.
   Sorcery:   Conjurations and Alchemy.
 I - a ring of protection from fire
 O - the cursed ring of Ashenzari's Sun (right hand) {EV+5, Sorc, Self}
   (You found it on level 10 of the Dungeon)

   [ring of evasion]

   EV+5:      It affects your evasion (+5).
   It has a curse which improves the following skills: Sorcery: Conjurations and
   Alchemy.
   Introspection: Fighting and Spellcasting.
 T - a ring of protection from cold
 Z - an amulet of reflection
Wands
 v - a wand of digging (8)
 D - a wand of flame (55)
 J - a wand of acid (26)
 K - a wand of warping (40)
 P - a wand of mindburst (25)
 Q - a wand of charming (23)
Scrolls
 a - a scroll of amnesia
 d - 4 scrolls of enchant weapon
 g - 3 scrolls of fear
 j - 4 scrolls of poison
 m - 5 scrolls of teleportation
 n - a scroll of blinking
 o - 3 scrolls of brand weapon
 r - 2 scrolls of revelation
 t - 4 scrolls of immolation
 y - 5 scrolls of fog
 z - 4 scrolls of enchant armour
 H - 3 scrolls of butterflies
Potions
 b - 2 potions of magic
 c - 8 potions of brilliance
 f - 4 potions of haste
 i - 5 potions of enlightenment
 k - 9 potions of curing
 A - 3 potions of mutation
 B - a potion of invisibility
 C - 2 potions of cancellation
 L - 2 potions of might
 M - a potion of ambrosia
 W - 2 potions of resistance
Miscellaneous
 F - a phantom mirror (inert)
 G - a sack of spiders (inert)
 S - a phial of floods
 X - a condenser vane


   Skills:
 + Level 13.6(17.2) Fighting
 + Level 13.6(16.0) Short Blades
 + Level 13.6(16.0) Long Blades
 + Level 13.6(16.0) Axes
 + Level 13.6(16.0) Maces & Flails
 + Level 13.6(16.0) Polearms
 + Level 13.6(16.0) Staves
 + Level 13.6(18.3) Ranged Weapons
 + Level 13.6(18.3) Throwing
 + Level 13.6(16.0) Armour
 + Level 15.0(18.5) Dodging
 + Level 14.2(17.7) Stealth
 + Level 13.6(16.0) Shields
 + Level 13.6(16.0) Unarmed Combat
 + Level 14.4(18.0) Spellcasting
 + Level 11.8(16.5) Conjurations
 + Level 11.6(16.3) Hexes
 + Level 11.6(16.3) Summonings
 + Level 11.6(16.3) Necromancy
 + Level 11.6(16.3) Translocations
 + Level 11.6(14.0) Fire Magic
 + Level 11.6(14.0) Ice Magic
 + Level 11.6(14.0) Air Magic
 + Level 11.6(14.0) Earth Magic
 + Level 12.7(17.4) Alchemy
 + Level 14.8 Invocations
 + Level 13.6(16.0) Evocations
 + Level 12.6(15.0) Shapeshifting


You had 8 spell levels left.
You knew the following spells:

 Your Spells              Type           Power      Damage    Failure   Level
a - Sting                 Conj/Alch      100%       1d9       0%          1
b - Mercury Vapours       Alch/Air       100%       N/A       0%          2
c - Mephitic Cloud        Conj/Alch/Air  74%        N/A       0%          3
d - Olgreb's Toxic Radia  Alch           77%        N/A       1%          4
e - Summon Lightning Spi  Summ/Air       72%        N/A       1%          4
f - Sticky Flame          Fire/Alch      73%        2d12      1%          4
g - Permafrost Eruption   Ice/Erth       34%        2x4d10    1%          6
h - Eringya's Noxious Bo  Alch           38%        4d6       1%          6
i - Lee's Rapid Deconstr  Erth           34%        3d17*     1%          5
j - Ignite Poison         Fire/Alch      73%        N/A       1%          4
k - Spellforged Servitor  Conj/Summ      37%        N/A       3%          7

Your spell library contained the following spells:

 Spells                   Type           Power      Damage    Failure   Level
 Apportation              Tloc           100%       N/A       0%          1
 Necrotise                Necr           100%       1d9       0%          1
 Sandblast                Erth           100%       2d20      0%          1
 Summon Small Mammal      Summ           100%       N/A       0%          1
 Blink                    Tloc           100%       N/A       0%          2
 Cigotuvi's Dreadful Rot  Necr/Alch/Air  100%       N/A       0%          2
 Jinxbite                 Hex            100%       N/A       0%          2
 Lesser Beckoning         Tloc           100%       N/A       0%          2
 Momentum Strike          Conj/Tloc      100%       3d10      0%          2
 Call Canine Familiar     Summ           75%        N/A       0%          3
 Fugue of the Fallen      Necr           75%        N/A       0%          3
 Tukima's Dance           Hex            75%        N/A       0%          3
 Vampiric Draining        Necr           75%        2d11      0%          3
 Inner Flame              Hex/Fire       72%        N/A       1%          3
 Ozocubu's Armour         Ice            69%        N/A       1%          3
 Stone Arrow              Conj/Erth      100%       3d13      1%          3
 Anguish                  Hex/Necr       37%        N/A       1%          4
 Animate Armour           Summ/Erth      100%       N/A       1%          4
 Brom's Barrelling Bould  Conj/Erth      72%        2d9       1%          4
 Dimensional Bullseye     Hex/Tloc       37%        N/A       1%          4
 Dispel Undead            Necr           75%        3d25      1%          4
 Iskenderun's Mystic Bla  Conj/Tloc      75%        2d15      (+2d81%     4
 Martyr's Knell           Necr/Summ      75%        N/A       1%          4
 Passage of Golubria      Tloc           75%        N/A       1%          4
 Summon Blazeheart Golem  Fire/Summ      72%        N/A       1%          4
 Alistair's Intoxication  Alch           51%        N/A       1%          5
 Borgnjor's Vile Clutch   Necr/Erth      36%        N/A       1%          5
 Curse of Agony           Necr           75%        N/A       1%          5
 Irradiate                Conj/Alch      38%        3d24      1%          5
 Iskenderun's Battlesphe  Conj           75%        2d12      1%          5
 Yara's Violent Unravell  Hex/Alch       38%        3d15      1%          5
 Bombard                  Conj/Erth      36%        9d6       1%          6
 Malign Gateway           Summ/Tloc      37%        N/A       3%          7
 Manifold Assault         Tloc           37%        N/A       3%          7
 Summon Horrible Things   Summ           37%        N/A       26%         8
 Ignition                 Fire           34%        3d11      54%         8
 Chain Lightning          Conj/Air       36%        3d48      99%         9
 Fire Storm               Conj/Fire      36%        8d9       99%         9
 Shatter                  Erth           34%        3d28*     100%        9


Dungeon Overview and Level Annotations

Branches:
Dungeon (15/15)            Temple (1/1) D:4            Lair (5/5) D:10
  Swamp (4/4) Lair:3        Snake (0/4) Lair:2        Slime (0/5) Lair:5
    Orc (2/2) D:12            Elf (1/3) Orc:2        Vaults (3/5) D:14
  Crypt (0/3) Vaults:2     Depths (0/4) D:15        Ossuary (visited)
 Bailey (visited)           IceCv (visited)         Gauntlet (visited)

Altars:
Ashenzari
Cheibriados
Dithmenos
Elyvilon
Fedhas
Gozag
Hepliaklqana
Kikubaaqudgha
Makhleb
Nemelex Xobeh
Okawaru
Qazlal
Ru
Sif Muna
Trog
Uskayaw
Vehumet
Wu Jian
Xom
Yredelemnul
Zin
The Shining One
Jiyva

Shops:
D:4 *   D:6 ?   Orc:2 **[=   Elf:1 *   Vaults:1 (

Annotations:
D:13 1 runed translucent door, Ylof's ghost, journeyman NaBe
Lair:2 2 transporters
Swamp:1 Nilihum's ghost, adept MiCA
Swamp:4 LorescaleCoatl's ghost, adept DrSu


Innate Abilities, Weirdness & Mutations

You have very sharp teeth.
Your uncanny sense of smell can sniff out nearby items.
Your experience applies equally to all skills.


Message History

You block the hellephant's attack. The hellephant gores you!
You closely miss the hellephant.
The hellephant is moderately wounded.
The hellephant breathes flames at you. The blast of flame hits you!!!!
The fire burns you terribly!
Ouch! That really hurt!
Casting: Permafrost Eruption (mildly dangerous; 1% risk of failure)
Confirm with . or Enter, or press ? or * to list all spells.
Bitter cold erupts, blasting rock from the ceiling!
The mass of rock hits the necromancer!
The necromancer is lightly wounded.
Piercing cold boils outward!
The piercing cold hits the necromancer!!
The necromancer is severely wounded.
The piercing cold hits Margery!!
Margery is frozen!
You kill Margery!
The piercing cold hits the deep elf high priest simulacrum.
The deep elf high priest simulacrum completely resists.
The piercing cold hits the hell knight simulacrum.
The hell knight simulacrum completely resists.
The piercing cold hits the hellephant!!
The hellephant is heavily wounded.
A freezing mist starts to gather...
Margery the Dragonslayer comes into view.
The hellephant tramples you.
You stumble backwards!
The necromancer casts a spell.
The necromancer binds the souls of nearby monsters.
Margery moves out of view.
Okay, then.
As you read the scroll of teleportation, it crumbles to dust.
You feel strangely unstable. You block the hellephant's attack.
The hellephant barely misses you. You block the hellephant's attack.
The necromancer casts a spell at you.
The bolt of negative energy hits the hellephant.
The hellephant completely resists.
The bolt of negative energy misses you.
The deep elf high priest simulacrum attacks as it pursues you!
You block the deep elf high priest simulacrum's attack.
The hellephant breathes flames at you. The blast of flame hits you!!!
The fire burns you terribly!
You die...

..##..>....##,,..........,
...##....)..##,Z)).......,
....##.......##,.........,
.....##.......##)).......,
......##....<..##........,
.......##.......#ZpH.....,
........#####'###Y).#*****
.................Z..#,,,,,
.....##+#####...@.).+,,,,,
.....#,{,{{,#.).....#,,,,,
.....#,{,,,,#########,,,,,
.....#,,,,,,+,,,,,,,+,,,,,
.....#,,{{,,*,*,*,*,*,,,,,
.....#,,,,,,+,,,,,,,*,,,,,
,,,,,*,,,,,,+,,,,,,,+,,,,,
,,,,,********,*,*,*,******
,,,, ,,,,,,*,,,,,,,*,,,,


You could see a hellephant (catching breath), a sphinx (soul bound), a
necromancer, a deep elf high priest simulacrum and a hell knight simulacrum.

Vanquished Creatures
  Margery (Vaults:3)
  Saint Roka (Vaults:1)
  2 tentacled monstrosities (Swamp:4)
  Frances (D:13)
  Agnes (D:14)
  A tengu reaver (Vaults:2)
  2 thorn hunters
  3 fenstrider witches (Swamp:4)
  Aizul (Swamp:4)
  A fire giant (Orc:1)
  5 vault wardens (Vaults:2)
  Louise (Swamp:3)
  An orc warlord (Vaults:1)
  2 quicksilver oozes
  3 ironbound thunderhulks
  5 eleionomae
  7 ironbound preservers
  A formless jellyfish (Vaults:2)
  A deep elf demonologist (Elf:1)
  A stone giant (D:15)
  A deep elf annihilator (Elf:1)
  3 bunyips
  A minotaur (Gauntlet)
  3 ettins (Orc:1)
  2 blizzard demons (Swamp:4)
  3 spectral fenstrider witches (Swamp:4)
  An entropy weaver (Vaults:2)
  A deep elf high priest (Vaults:3)
  A shambling mangrove (Swamp:4)
  4 yaktaur captains
  5 great orbs of eyes
  15 hydras
  4 ironbound frosthearts
  8 centaur warriors
  5 two-headed ogres
  4 ogre magi
  5 dancing weapons (Elf:1)
  A ghost crab (Swamp:3)
  2 tengu warriors (D:15)
  4 boulder beetles
  11 alligators
  12 death yaks
  Urug (Lair:1)
  3 occultists (Swamp:4)
  4 orc high priests
  3 hell knights (Vaults:3)
  3 soul eaters
  2 titan zombies (Orc:1)
  4 deep elf knights (Elf:1)
  5 skysharks
  2 sixfirhies (Swamp:4)
  Amaemon (Lair:3)
  10 deep trolls
  3 goliath frogs
  8 spriggan druids
  4 arcanists
  3 swamp dragons
  2 glowing orange brains (Vaults:1)
  2 deep elf archers (Elf:1)
  An orange crystal statue (D:12)
  11 lindwurms (Vaults:2)
  13 deep elf pyromancers
  15 ironbound convokers
  A necromancer (Gauntlet)
  8 deep elf zephyrmancers
  A harpy (shapeshifter) (Elf:1)
  An obsidian bat (Orc:2)
  6 oklob plants
  Maurice (Orc:2)
  7 orc knights
  27 ugly things
  2 spectral spriggans (Swamp:4)
  16 cyclopes
  6 elephants (Lair:5)
  5 orc sorcerers
  3 manticores
  A salamander (Lair:2)
  4 will-o-the-wisps
  3 meliai (D:14)
  2 stone giant zombies (Orc:1)
  6 kobold blastminers (Orc:2)
  3 ice statues
  19 cane toads
  4 orange demons
  2 torpor snails
  4 black mambas
  3 vault sentinels (Vaults:2)
  A gargoyle (D:12)
  9 komodo dragons
  10 yaktaurs
  3 rime drakes
  An ice devil (IceCv)
  4 anaconda simulacra (IceCv)
  A freezing wraith (D:11)
  6 hellwings (Swamp:4)
  2 spectral death drakes (Swamp:4)
  A polar bear (Lair:2)
  13 hornets
  3 trolls
  Grinder (D:5)
  25 tyrant leeches
  23 blink frogs
  4 dream sheep (Lair:4)
  4 shadows (Gauntlet)
  19 slime creatures
  13 spriggans
  4 water elementals (Elf:1)
  4 wraiths
  A spriggan (shapeshifter) (D:13)
  An air elemental (Elf:1)
  7 wyverns
  A dire elephant simulacrum (IceCv)
  59 yaks
  3 basilisks
  2 death yak simulacra (IceCv)
  A golden eye (Lair:4)
  6 wargs
  16 vampire mosquitoes
  A chaos spawn (Swamp:4)
  3 nagas (Lair:2)
  2 hydra simulacra (IceCv)
  14 swamp worms
  2 acid dragons
  A death drake simulacrum (Swamp:4)
  11 water moccasins
  Duvessa (D:7)
  A black bear (Lair:1)
  An ice beast (D:8)
  14 orc warriors
  A sky beast (D:7)
  6 ogres
  16 wolves
  8 centaurs
  A phantom (D:6)
  A weeping skull (Ossuary)
  5 kobold brigands
  15 bullfrogs
  10 gnoll sergeants
  5 scorpions
  An earth elemental (Elf:1)
  10 two-headed ogre simulacra (IceCv)
  A burial acolyte (Ossuary)
  Dowan (D:7)
  An elephant simulacrum (IceCv)
  5 killer bees
  6 howler monkeys
  5 electric eels
  A lava snake (Orc:1)
  A centaur zombie (Ossuary)
  5 hounds
  2 bombardier beetles
  3 jellies
  25 orc priests
  10 gnoll boudas
  A sleepcap (D:6)
  7 hell rats (Lair:5)
  11 spriggan simulacra
  2 iguanas (D:5)
  24 orc wizards
  3 troll simulacra (IceCv)
  2 polar bear simulacra (IceCv)
  A wolf simulacrum (IceCv)
  3 mummies (Ossuary)
  21 gnolls
  11 adders
  5 naga simulacra (IceCv)
  4 shadow imps (Gauntlet)
  9 white imps
  7 ufetubi
  3 ribbon worms
  2 dart slugs
  61 orcs
  5 bats
  7 endoplasms
  3 giant cockroaches
  A gnoll zombie (Ossuary)
  10 goblins
  7 hobgoblins
  5 jackals
  7 quokkas
  5 ball pythons
  A frilled lizard (D:3)
  22 kobolds
  2 kobold zombies (Ossuary)
  4 orc zombies (Ossuary)
  6 rats
1078 creatures vanquished.

Vanquished Creatures (collateral kills)
  A reaper (IceCv)
  A great orb of eyes (Vaults:2)
  A death yak (Lair:5)
  3 lindwurms (Vaults:2)
  A deep elf pyromancer (D:13)
  An efreet (D:13)
  A troll (D:13)
  A slime creature (Vaults:2)
  A wyvern (Lair:2)
  10 yaks
  A vampire mosquito (D:12)
  2 swamp worms (Swamp:3)
  An ogre (D:15)
  2 wolves
  A killer bee (D:11)
  A spriggan simulacrum (IceCv)
  A white imp (IceCv)
  An orc (D:9)
  2 kobolds (D:10)
33 creatures vanquished.

Vanquished Creatures (others)
  An orange demon (Swamp:4)
  A vampire mosquito (D:10)
  An orc wizard (Orc:2)
  6 blazeheart cores
  14 foxfires
23 creatures vanquished.

Grand Total: 1134 creatures vanquished

Notes
Turn   | Place    | Note
-------+----------+-------------------------------------------
     0 | D:1      | epen the Gnoll Alchemist began the quest for the Orb.
     0 | D:1      | Reached XP level 1. HP: 13/13 MP: 6/6
   267 | D:1      | Reached XP level 2. HP: 19/19 MP: 2/7
   865 | D:1      | Reached skill level 5 in Spellcasting
   865 | D:1      | Reached XP level 3. HP: 21/25 MP: 3/9
  1205 | D:2      | Reached skill level 1 in Invocations
  1286 | D:2      | Reached skill level 1 in Fighting
  1286 | D:2      | Reached skill level 1 in Short Blades
  1286 | D:2      | Reached skill level 1 in Long Blades
  1286 | D:2      | Reached skill level 1 in Axes
  1286 | D:2      | Reached skill level 1 in Maces & Flails
  1286 | D:2      | Reached skill level 1 in Polearms
  1286 | D:2      | Reached skill level 1 in Staves
  1286 | D:2      | Reached skill level 1 in Ranged Weapons
  1286 | D:2      | Reached skill level 1 in Throwing
  1286 | D:2      | Reached skill level 1 in Armour
  1286 | D:2      | Reached skill level 1 in Shields
  1286 | D:2      | Reached skill level 1 in Unarmed Combat
  1286 | D:2      | Reached skill level 1 in Evocations
  1296 | D:2      | Learned a level 2 spell: Mercury Vapours
  1324 | D:2      | You fall into a shaft and drop 2 floors!
  1638 | D:2      | Found a basalt altar of Yredelemnul.
  1757 | D:2      | Reached skill level 1 in Shapeshifting
  1757 | D:2      | Reached XP level 4. HP: 25/32 MP: 9/11
  2209 | D:3      | Reached skill level 1 in Hexes
  2209 | D:3      | Reached skill level 1 in Summonings
  2209 | D:3      | Reached skill level 1 in Necromancy
  2209 | D:3      | Reached skill level 1 in Translocations
  2209 | D:3      | Reached skill level 1 in Fire Magic
  2209 | D:3      | Reached skill level 1 in Ice Magic
  2209 | D:3      | Reached skill level 1 in Air Magic
  2209 | D:3      | Reached skill level 1 in Earth Magic
  2377 | D:3      | Reached XP level 5. HP: 37/37 MP: 10/12
  2724 | D:3      | Found a glowing silver altar of Zin.
  2793 | D:3      | Found an opulent altar of Gozag.
  3232 | D:4      | Learned a level 3 spell: Mephitic Cloud
  3387 | D:4      | Found a staircase to the Ecumenical Temple.
  3396 | Temple   | Entered the Ecumenical Temple
  3415 | Temple   | Became a worshipper of Ashenzari the Shackled
  3456 | D:4      | Found Laism's Assorted Antiques.
  3460 | D:4      | Noticed an ogre
  3476 | D:4      | Killed an ogre
  3477 | D:4      | Reached XP level 6. HP: 22/44 MP: 5/14
  3484 | D:4      | Bought a scroll labelled DAPLORHI UJIYRGH for 25 gold
                  | pieces
  3597 | D:4      | Reached skill level 5 in Dodging
  4280 | D:5      | Entered Level 5 of the Dungeon
  4378 | D:5      | Found a sand-covered staircase.
  4385 | Ossuary  | Entered an ossuary
  4500 | Ossuary  | Reached XP level 7. HP: 38/51 MP: 15/15
  4900 | D:5      | Reached skill level 5 in Stealth
  5353 | D:5      | Noticed Grinder
  5374 | D:5      | Paralysed by Grinder for 5 turns
  5381 | D:5      | HP: 2/51 [Grinder/nerve-wracking pain (13)]
  5718 | D:5      | Killed Grinder
  5719 | D:5      | Reached XP level 8. HP: 25/58 MP: 13/17
  6154 | D:6      | Found a transporter.
  6165 | D:6      | Found a transporter.
  6330 | D:6      | Reached * piety under Ashenzari
  6472 | D:6      | Learned a level 4 spell: Olgreb's Toxic Radiance
  6829 | D:6      | Reached skill level 6 in Dodging
  7580 | D:6      | Found Qafovusk's Magic Scroll Boutique.
  7751 | D:6      | Reached XP level 9. HP: 28/65 MP: 3/18
  7761 | D:6      | Reached ** piety under Ashenzari
  7981 | D:7      | Found a flagged portal.
  7996 | Bailey   | Entered a bailey
  8418 | Bailey   | Reached skill level 5 in Invocations
  8863 | Bailey   | epen: ??bglg
  8863 | Bailey   | beem: curse[2/3]: Melee: all melee weapon skills + UC.
                  | Range: All ranged skills + Throwing. Elem: All elemental
                  | spell schools. Alch: Poison and Transmutations. Comp:
                  | Summoning and Necromancy. Bglg: Conjurations, Hexes, and
                  | Translocations. Self: Fighting and Spellcasting. Fort:
                  | Armour and Shields. Cun: Dodging and Stealth. Evo: Evo.
  8948 | Bailey   | Reached skill level 5 in Fighting
  8948 | Bailey   | Reached skill level 5 in Short Blades
  8948 | Bailey   | Reached skill level 5 in Long Blades
  8948 | Bailey   | Reached skill level 5 in Axes
  8948 | Bailey   | Reached skill level 5 in Maces & Flails
  8948 | Bailey   | Reached skill level 5 in Polearms
  8948 | Bailey   | Reached skill level 5 in Staves
  8948 | Bailey   | Reached skill level 5 in Ranged Weapons
  8948 | Bailey   | Reached skill level 5 in Throwing
  8948 | Bailey   | Reached skill level 5 in Armour
  8948 | Bailey   | Reached skill level 5 in Shields
  8948 | Bailey   | Reached skill level 5 in Unarmed Combat
  8948 | Bailey   | Reached skill level 5 in Evocations
  8948 | Bailey   | Reached XP level 10. HP: 74/74 MP: 14/20
  9278 | D:7      | Noticed Duvessa
  9279 | D:7      | Noticed Dowan
  9289 | D:7      | Killed Dowan
  9304 | D:7      | Killed Duvessa
  9305 | D:7      | Reached skill level 7 in Dodging
  9465 | D:7      | Identified a scroll of acquirement
  9780 | D:7      | Learned a level 4 spell: Summon Lightning Spire
  9859 | D:7      | Acquired the scarf of the Depths {+Inv, rElec rF- rN+
                  | Will+}
 10153 | D:7      | Found a sacrificial altar of Ru.
 10242 | D:8      | Reached skill level 5 in Conjurations
 10347 | D:8      | Reached skill level 5 in Shapeshifting
 10713 | D:8      | Reached *** piety under Ashenzari
 10713 | D:8      | Reached **** piety under Ashenzari
 11132 | D:9      | Identified the +7 ring mail of Muin {^Drain Int+3}
 11439 | D:9      | Reached skill level 5 in Hexes
 11439 | D:9      | Reached skill level 5 in Summonings
 11439 | D:9      | Reached skill level 5 in Necromancy
 11439 | D:9      | Reached skill level 5 in Translocations
 11439 | D:9      | Reached skill level 5 in Fire Magic
 11439 | D:9      | Reached skill level 5 in Ice Magic
 11439 | D:9      | Reached skill level 5 in Air Magic
 11439 | D:9      | Reached skill level 5 in Earth Magic
 11603 | D:9      | Reached XP level 11. HP: 86/86 MP: 11/24
 11972 | D:10     | Entered Level 10 of the Dungeon
 12089 | D:10     | Found a hazy altar of Hepliaklqana.
 12147 | D:10     | Found a hide-covered altar of Uskayaw.
 12375 | D:10     | Found a staircase to the Lair.
 12376 | D:10     | Noticed a deep elf pyromancer
 12399 | D:10     | Killed a deep elf pyromancer
 12422 | D:10     | Reached skill level 8 in Dodging
 12662 | D:10     | Found a bloodstained altar of Trog.
 12724 | D:10     | Learned a level 4 spell: Sticky Flame
 14046 | D:12     | Noticed a cyclops
 14060 | D:12     | Killed a cyclops
 14257 | Lair:1   | Entered Level 1 of the Lair of Beasts
 14302 | Lair:1   | Noticed Urug
 14313 | Lair:1   | Reached XP level 12. HP: 90/95 MP: 2/26
 14322 | Lair:1   | Killed Urug
 14414 | Lair:1   | Found a frozen archway.
 14424 | IceCv    | Entered an ice cave
 14604 | IceCv    | Found the +4 skin of Zhor {*Englaciate rC+++ SInv}
 14613 | IceCv    | epen: ??englaciate
 14613 | IceCv    | beem: I don't have a page labeled englaciate in my learndb.
                  | Did you mean: glaciate, englaciation.
 14613 | IceCv    | epen: ??englaciate
 14613 | IceCv    | beem: I don't have a page labeled englaciate in my learndb.
                  | Did you mean: glaciate, englaciation.
 14613 | IceCv    | epen: ??zhor
 14613 | IceCv    | beem: skin of zhor[1/1]: A +4 animal skin with sInv and
                  | rC+++ that sometimes casts {metabolic englaciation}, which
                  | slows monsters in LOS. Prior to 0.23, was only a +4 animal
                  | skin of rC+++.
 14920 | IceCv    | Identified the +10 shortbow of Uskayaw's Envy {drain, rPois
                  | Will+ Str-5 Dex+4}
 15901 | IceCv    | Reached skill level 9 in Dodging
 15903 | IceCv    | Noticed a reaper
 15920 | IceCv    | Killed a reaper
 16247 | Lair:1   | Noticed a death yak
 16261 | Lair:1   | Noticed a death yak
 16278 | Lair:1   | Killed a death yak
 16282 | Lair:1   | Killed a death yak
 16465 | Lair:1   | Learned a level 4 spell: Summon Blazeheart Golem
 17044 | Lair:2   | Found a staircase to the Snake Pit.
 17074 | Lair:2   | Reached XP level 13. HP: 102/102 MP: 24/28
 17453 | Lair:2   | Found a transporter.
 17577 | Lair:2   | Learned a level 6 spell: Eringya's Noxious Bog
 17620 | Lair:2   | Found a transporter.
 18082 | Lair:3   | Reached skill level 10 in Spellcasting
 18409 | Lair:3   | Found a staircase to the Swamp.
 18440 | Lair:3   | Noticed Amaemon
 18465 | Lair:3   | Killed Amaemon
 18466 | Lair:3   | Reached skill level 10 in Dodging
 19158 | Lair:4   | Reached skill level 10 in Stealth
 19212 | Lair:4   | Reached XP level 14. HP: 114/114 MP: 13/31
 19218 | Lair:4   | Reached skill level 10 in Invocations
 19935 | Lair:5   | Entered Level 5 of the Lair of Beasts
 20539 | Lair:5   | Learned a level 5 spell: Lee's Rapid Deconstruction
 20926 | Lair:5   | Reached skill level 10 in Alchemy
 21095 | Lair:5   | Reached ***** piety under Ashenzari
 21141 | Lair:5   | Reached skill level 10 in Fighting
 21141 | Lair:5   | Reached skill level 10 in Short Blades
 21141 | Lair:5   | Reached skill level 10 in Long Blades
 21141 | Lair:5   | Reached skill level 10 in Axes
 21141 | Lair:5   | Reached skill level 10 in Maces & Flails
 21141 | Lair:5   | Reached skill level 10 in Polearms
 21141 | Lair:5   | Reached skill level 10 in Staves
 21141 | Lair:5   | Reached skill level 10 in Ranged Weapons
 21141 | Lair:5   | Reached skill level 10 in Throwing
 21141 | Lair:5   | Reached skill level 10 in Armour
 21141 | Lair:5   | Reached skill level 11 in Dodging
 21141 | Lair:5   | Reached skill level 10 in Shields
 21141 | Lair:5   | Reached skill level 10 in Unarmed Combat
 21141 | Lair:5   | Reached skill level 10 in Evocations
 21263 | Lair:5   | Found a viscous altar of Jiyva.
 21263 | Lair:5   | Found a staircase to the Slime Pits.
 21617 | Lair:5   | Learned a level 4 spell: Ignite Poison
 22143 | D:12     | Reached XP level 15. HP: 123/124 MP: 33/33
 22752 | D:12     | Found a staircase to the Orcish Mines.
 22825 | D:12     | Identified the amulet "Hero's Friend" {Acrobat ^Fragile
                  | Str+2 Int+4}
 22993 | D:12     | Reached ****** piety under Ashenzari
 23247 | D:13     | Identified the Commentary on the Faeries and the Crater
 23382 | D:13     | Learned a level 7 spell: Spellforged Servitor
 23844 | D:13     | Found a runed translucent door.
 23929 | D:13     | Noticed Frances
 23949 | D:13     | Killed Frances
 24168 | D:13     | Noticed Ylof's ghost (journeyman NaBe)
 24179 | D:14     | Noticed Agnes
 24185 | D:14     | Killed Agnes
 24247 | D:14     | Identified the +6 ring mail of Dramatic Exits {rPois rC-
                  | rCorr Stlth+}
 24908 | D:14     | Found a gate to the Vaults.
 24991 | D:14     | Found an ornate altar of the Wu Jian Council.
 25037 | D:15     | Entered Level 15 of the Dungeon
 25159 | D:15     | Reached skill level 10 in Shapeshifting
 25495 | D:15     | Reached XP level 16. HP: 134/134 MP: 35/35
 25844 | D:15     | Found a staircase to the Depths.
 26231 | Orc:1    | Entered Level 1 of the Orcish Mines
 27124 | Orc:1    | Reached skill level 12 in Dodging
 27517 | Orc:1    | Identified the +1 mace "Kataif" {vamp, rElec Dex+3}
 27691 | Orc:2    | Entered Level 2 of the Orcish Mines
 27745 | Orc:2    | Found a gate leading to a gauntlet.
 27754 | Gauntlet | Entered a Gauntlet
 27754 | Gauntlet | Found a transporter.
 27855 | Gauntlet | Found a transporter.
 27857 | Gauntlet | Found a transporter.
 27858 | Gauntlet | Found a transporter.
 27869 | Gauntlet | Found a transporter.
 27869 | Gauntlet | Found a transporter.
 27870 | Gauntlet | Found a transporter.
 27874 | Gauntlet | Found a runed translucent door.
 27878 | Gauntlet | Found a transporter.
 27881 | Gauntlet | Found a transporter.
 27882 | Gauntlet | Found a transporter.
 27890 | Gauntlet | Found a runed translucent door.
 27893 | Gauntlet | Found a transporter.
 27893 | Gauntlet | Found a transporter.
 27894 | Gauntlet | Found a transporter.
 27911 | Gauntlet | Found a transporter.
 28627 | Orc:2    | Noticed Maurice
 28643 | Orc:2    | Killed Maurice
 28856 | Orc:2    | Found a staircase to the Elven Halls.
 29018 | Orc:2    | Reached skill level 10 in Conjurations
 29056 | Orc:2    | Found Gittoefe's General Store.
 29056 | Orc:2    | Found Fyisun's Jewellery Shoppe.
 29058 | Orc:2    | Found Jahiceoj's General Store.
 29058 | Orc:2    | Found Mat Diqa's Antique Armour Shoppe.
 29294 | Orc:2    | Bought the +9 demon trident of Cruel Justice {freeze,
                  | +Blink Int+2 SInv} for 1699 gold pieces
 29392 | Elf:1    | Entered Level 1 of the Elven Halls
 29688 | Elf:1    | Identified the +5 falchion "Oraczawk" {spect, Dex+3}
 30081 | Elf:1    | Found Wohel's Assorted Antiques.
 30116 | Elf:1    | Reached XP level 17. HP: 142/142 MP: 37/37
 30123 | Elf:1    | Paralysed by an air elemental for 1 turns
 30281 | Elf:1    | Reached skill level 10 in Hexes
 30281 | Elf:1    | Reached skill level 10 in Summonings
 30281 | Elf:1    | Reached skill level 10 in Necromancy
 30281 | Elf:1    | Reached skill level 10 in Translocations
 30281 | Elf:1    | Reached skill level 10 in Fire Magic
 30281 | Elf:1    | Reached skill level 10 in Ice Magic
 30281 | Elf:1    | Reached skill level 10 in Air Magic
 30281 | Elf:1    | Reached skill level 10 in Earth Magic
 31580 | Swamp:1  | Entered Level 1 of the Swamp
 31760 | Swamp:1  | Found a runed translucent gate.
 31761 | Swamp:1  | Found a runed translucent gate.
 32045 | Swamp:1  | Found a runed translucent gate.
 32062 | Swamp:1  | Noticed Nilihum's ghost (adept MiCA)
 32792 | Swamp:1  | Learned a level 6 spell: Permafrost Eruption
 33888 | Orc:2    | Bought a runed buckler for 210 gold pieces
 34191 | Swamp:3  | Reached skill level 13 in Dodging
 34661 | Swamp:3  | Noticed Louise
 34666 | Swamp:3  | Killed Louise
 35218 | Swamp:3  | Identified the +6 ring mail "Gesoq" {Str-5 Dex+6}
 35709 | Swamp:4  | Entered Level 4 of the Swamp
 35977 | Swamp:4  | Noticed a tentacled monstrosity
 35978 | Swamp:4  | Noticed a tentacled monstrosity
 35989 | Swamp:4  | Killed a tentacled monstrosity
 35992 | Swamp:4  | Killed a tentacled monstrosity
 36008 | Swamp:4  | Reached XP level 18. HP: 94/150 MP: 25/38
 37131 | Swamp:4  | Got a decaying rune of Zot
 37216 | Swamp:4  | Identified the serpent talisman of Hahootaq {rElec rF-
                  | rCorr Str+3}
 37216 | Swamp:4  | Noticed Aizul
 37244 | Swamp:4  | Killed Aizul
 37855 | Swamp:4  | Noticed LorescaleCoatl's ghost (adept DrSu)
 37856 | Swamp:4  | Found a runed translucent gate.
 37858 | Swamp:4  | Found a runed translucent gate.
 37859 | Swamp:4  | Found a runed translucent gate.
 38879 | Vaults:1 | Entered Level 1 of the Vaults
 39785 | Vaults:1 | Found Ceutew's Weapon Emporium.
 39797 | Vaults:1 | Reached skill level 14 in Dodging
 39949 | Vaults:1 | Noticed Saint Roka
 39968 | Vaults:1 | HP: 2/151 [Saint Roka/+2 long sword (48)]
 39975 | Vaults:1 | Killed Saint Roka
 40316 | Vaults:1 | Found a runed translucent door.
 40464 | Vaults:1 | Identified the cursed +2 helmet "Omniscient Desperation"
                  | {Cun, Comp} (You found it on level 9 of the Dungeon)
 40464 | Vaults:1 | Identified the cursed +2 pair of gloves of the Astral Seer
                  | {Comp, Range} (You found it on level 4 of the Dungeon)
 40464 | Vaults:1 | Identified the cursed +0 pair of boots "Cryptic Free
                  | Expression" {Elem, Comp} (You found it on level 1 of the
                  | Lair of Beasts)
 40978 | Vaults:2 | Reached XP level 19. HP: 157/157 MP: 28/40
 41895 | Vaults:1 | HP: 7/159 [poisoned by a tengu reaver (bolt of poison)]
 43775 | Vaults:2 | Found a staircase to the Crypt.
 43775 | Vaults:2 | Found a basalt altar of Yredelemnul.
 43776 | Vaults:2 | Found an ancient bone altar of Kikubaaqudgha.
 43927 | Vaults:3 | Reached skill level 15 in Dodging
 43947 | Vaults:3 | Noticed Margery
 43950 | Vaults:3 | Noticed a hellephant
 43960 | Vaults:3 | Killed Margery
 43962 | Vaults:3 | Killed from afar by a hellephant

Illustrated notes

Levels and vault maps discovered:
D:1:      minmay_arrival_split_and_join, layout_basic
D:2:      layout_rooms, basic_altar
D:3:      layout_loops_corners, pdpol_temple_overflow_zin_treasury_gozag_greed,
          nicolae_elevator_lobby_plus
D:4:      layout_cave_pods, minmay_temple_entry_drinking_statues, serial_shops,
          shop
D:5:      layout_loops_corners, lightli_ossuary_entry_decrepit_ruins,
          dreamdust_princess_bridge, uniq_grinder
D:6:      gammafunk_steamed_eel, layout_layer_cave, serial_shops,
          nicolae_shop_rolled_up
D:7:      layout_gridville, lemuel_doored_altar, enter_bailey_5, uniq_duvessa
D:8:      layout_basic
D:9:      layout_cave_pools
D:10:     layout_cave_pods, kennysheep_mini, mainiacjoe_overflow_catwalk,
          trog_butcher_becter, erik_lair_orcish_takeover, minmay_orc_keep
D:11:     layout_cave_pools
D:12:     layout_cave_pools, david_orc_4, minmay_more_statues
D:13:     layout_cave_pools, ebering_ghost_reflecting_pool,
          minmay_increasing_density, uniq_frances
D:14:     layout_big_octagon, david_vaults_2,
          nicolae_wu_jian_immortal_techniques, uniq_agnes
D:15:     grunt_enter_depths_snipers, layout_basic, serial_rivers,
          chequers_serial_rivers_marsh, chequers_serial_rivers_micro_a,
          chequers_serial_rivers_marsh, chequers_serial_rivers_micro_d,
          chequers_serial_rivers_large_a, chequers_serial_rivers_micro_b
Temple:   nicolae_temple_slightly_damp_pantheon
Lair:1:   layout_cave_shapes, portal_ice_cave_entry_pillars_1,
          grunt_forest_stairs_basic, uniq_urug
Lair:2:   gammafunk_worm_tunnel, layout_long_grid, alex1729_snake_entry_snake,
          chequers_serial_rivers_marsh
Lair:3:   layout_chaotic_city, mainiacjoe_swamp_entry_lozenge_pond,
          grunt_megastairs_1, uniq_amaemon
Lair:4:   layout_big_grid, disabler_island
Lair:5:   minmay_lair_end_frog_pond, layout_regular_city,
          minmay_slime_entry_oklob_enclosed, infiniplex_staircase_pool_2,
          serial_bayou_shore_b
Swamp:1:  layout_basic_swamp, ebering_ghost_rock_garden,
          evilmike_swamp_ruin_house_3
Swamp:2:  layout_basic_swamp, evilmike_swamp_ruin_house_1,
          infiniplex_staircase_pool
Swamp:3:  layout_basic_swamp, nicolae_swamp_tree_isthmus, swamp_pool_1_2,
          nicolae_swamp_bloodsuckers_inc, uniq_louise
Swamp:4:  nzn_swamp_witches_coven, layout_basic_swamp,
          gammafunk_ghost_necromancy, uniq_aizul
Orc:1:    giant_chief_lemuel, layout_caves
Orc:2:    grunt_orc_tribal_feast, layout_diamond_mine, gauntlet_entry_generic,
          uniq_maurice
Elf:1:    layout_loops_corners, serial_shops, nicolae_shop_just_a_little_nook,
          nicolae_elf_crossing_hall, st_stairs_1, chequers_big_river
Vaults:1: vaults_standard_mumra_x, nicolae_vaults_storage_room_water,
          v_pattern_2, nicolae_vaults_wine_cellar, v_misc_4,
          nicolae_vaults_big_angled_halls, nicolae_vaults_door_testing_chamber,
          nicolae_vaults_taking_the_gang_shopping, nicolae_vaults_tetromino_Z_1,
          nicolae_vaults_oozy_zoo, nicolae_vaults_specimen_jars,
          nicolae_vaults_diagonal_hallway_7, layout_vaults_ring, uniq_saint_roka
Vaults:2: nicolae_vaults_mitosis, minmay_crypt_entry_necro_gods,
          vaults_room_fours, v_misc_24, nicolae_vaults_shipping_containers_5,
          nicolae_vaults_angled_halls, grunt_vaults_swirl,
          dpeg_vaults_monster_box, nicolae_vaults_tetromino_Z_1,
          hangedman_vaults_nails, vaults_dpeg_ring, vaults_room_fours,
          grunt_vaults_hallway_short, layout_vaults_omnicross
Vaults:3: nicolae_vaults_ring_of_whatevers, v_alt_pattern_5,
          nicolae_vaults_variable_pillar_hall, nicolae_vaults_rhombus_7,
          nicolae_vaults_rhombus_6, nicolae_vaults_house_1,
          layout_vaults_big_room, uniq_zenata, uniq_margery, uniq_nikola

Skill      XL: |  1  2  3  4  5  6  7  8  9 10 11 12 13 14 15 16 17 18 19 |
---------------+----------------------------------------------------------+-----
Conjurations   | 2 3 4 5 6 7 8 9 10 11 | 11.8
Spellcasting   | 5 6 7 8 9 10 11 12 13 14 | 14.4
Invocations    | 1 2 3 4 5 6 7 8 9 10 11 12 13 14 | 14.8
Fighting       | 1 2 3 5 6 7 8 9 10 11 12 13 | 13.6
Short Blades   | 1 2 3 5 6 7 8 9 10 11 12 13 | 13.6
Long Blades    | 1 2 3 5 6 7 8 9 10 11 12 13 | 13.6
Axes           | 1 2 3 5 6 7 8 9 10 11 12 13 | 13.6
Maces & Flails | 1 2 3 5 6 7 8 9 10 11 12 13 | 13.6
Polearms       | 1 2 3 5 6 7 8 9 10 11 12 13 | 13.6
Staves         | 1 2 3 5 6 7 8 9 10 11 12 13 | 13.6
Ranged Weapons | 1 2 3 5 6 7 8 9 10 11 12 13 | 13.6
Throwing       | 1 2 3 5 6 7 8 9 10 11 12 13 | 13.6
Armour         | 1 2 3 5 6 7 8 9 10 11 12 13 | 13.6
Shields        | 1 2 3 5 6 7 8 9 10 11 12 13 | 13.6
Unarmed Combat | 1 2 3 5 6 7 8 9 10 11 12 13 | 13.6
Evocations     | 1 2 3 5 6 7 8 9 10 11 12 13 | 13.6
Shapeshifting  | 1 2 3 4 5 6 7 8 9 10 11 12 | 12.6
Hexes          | 1 2 3 4 5 6 7 8 9 10 11 | 11.6
Summonings     | 1 2 3 4 5 6 7 8 9 10 11 | 11.6
Necromancy     | 1 2 3 4 5 6 7 8 9 10 11 | 11.6
Translocations | 1 2 3 4 5 6 7 8 9 10 11 | 11.6
Fire Magic     | 1 2 3 4 5 6 7 8 9 10 11 | 11.6
Ice Magic      | 1 2 3 4 5 6 7 8 9 10 11 | 11.6
Air Magic      | 1 2 3 4 5 6 7 8 9 10 11 | 11.6
Earth Magic    | 1 2 3 4 5 6 7 8 9 10 11 | 11.6
Dodging        | 5 6 7 8 9 10 11 12 13 14 15 | 15.0
Stealth        | 5 6 7 8 9 10 11 12 13 14 | 14.2
Alchemy        | 6 7 8 9 10 11 12 | 12.7

Action                     |  1- 3 |  4- 6 |  7- 9 | 10-12 | 13-15 | 16-18 | 19-21 || total
---------------------------+-------+-------+-------+-------+-------+-------+-------++-------
  Melee: Unarmed           |   145 |    58 |       |       |       |       |       ||   203
         Bite              |    13 |    27 |    40 |       |       |   110 |    42 ||   232
         Punch             |     3 |       |       |       |       |       |       ||     3
         Dagger            |       |   155 |   208 |       |       |       |       ||   363
         Demon trident     |       |       |       |       |       |   666 |   218 ||   884
   Fire: Orcbow            |       |       |   179 |    30 |       |       |       ||   209
         Shortbow          |       |       |       |   822 |  1019 |   982 |       ||  2823
   Cast: Sting             |    39 |    31 |    34 |     2 |       |       |       ||   106
         Mercury Vapours   |     2 |    14 |    12 |       |     1 |     2 |       ||    31
         Mephitic Cloud    |       |     1 |    18 |    44 |    40 |    38 |       ||   141
         Olgreb's Toxic Ra |       |       |    19 |    32 |    27 |     3 |       ||    81
         Summon Lightning  |       |       |       |    12 |     1 |     1 |       ||    14
         Sticky Flame      |       |       |       |     4 |       |       |       ||     4
         Summon Blazeheart |       |       |       |     3 |     8 |     3 |       ||    14
         Eringya's Noxious |       |       |       |       |    18 |     3 |       ||    21
         Lee's Rapid Decon |       |       |       |       |     4 |       |       ||     4
         Ignite Poison     |       |       |       |       |     5 |     5 |       ||    10
         Spellforged Servi |       |       |       |       |     2 |     3 |       ||     5
         Permafrost Erupti |       |       |       |       |       |    94 |    51 ||   145
 Invoke: Curse Item        |       |       |     3 |     4 |     4 |       |     2 ||    13
         Shatter the Chain |       |       |       |     2 |       |     1 |       ||     3
Ability: Evoke Invisibilit |       |       |       |       |       |     1 |       ||     1
  Evoke: Wand              |       |       |       |       |       |     4 |     2 ||     6
         Sack of spiders   |       |       |       |       |       |     1 |     2 ||     3
         Phial of floods   |       |       |       |       |       |     1 |       ||     1
         Condenser vane    |       |       |       |       |       |     1 |       ||     1
         Phantom mirror    |       |       |       |       |       |       |     1 ||     1
    Use: Scroll            |       |     9 |     5 |     4 |     1 |     7 |     1 ||    27
         Potion            |       |     4 |     2 |     3 |       |    11 |     3 ||    23
   Stab: Sleeping          |     2 |    10 |     6 |       |       |     8 |     3 ||    29
         Confused          |       |     1 |     1 |       |       |     5 |       ||     7
         Distracted        |       |       |       |       |       |     7 |     4 ||    11
         Held in net/web   |       |       |       |       |       |       |     2 ||     2
 Armour: Robe              |   104 |   100 |   166 |    86 |       |       |       ||   456
         Animal skin       |       |       |       |    96 |   140 |   405 |    78 ||   719
         Skin              |       |       |       |       |       |     2 |       ||     2
  Dodge: Dodged            |   129 |   127 |   187 |   310 |   400 |   747 |    90 ||  1990
  Block: Buckler           |       |       |       |       |       |   178 |    48 ||   226

Table legend: (Time is in decaauts)
 A = Elapsed time spent in this place.
 B = Non-inter-level travel time spent in this place.
 C = Inter-level travel time spent in this place.
 D = Time resting spent in this place.
 E = Time spent auto-exploring this place.
 F = Levels seen in this place.
 G = Mean time per level.
                   A        B        C        D        E       F      G
               +--------+--------+--------+--------+--------+-----+--------+
         Total |  43448 |  40539 |   2909 |   8009 |  24253 |  35 | 1241.4 |
       Dungeon |  17101 |  15523 |   1578 |   1192 |  11519 |  15 | 1140.1 |
        Temple |     38 |     20 |     18 |      0 |      0 |   1 |   38.0 |
          Lair |   6146 |   5703 |    443 |    484 |   4161 |   5 | 1229.2 |
         Swamp |   6617 |   6396 |    221 |   2291 |   2820 |   4 | 1654.2 |
  Orcish Mines |   2653 |   2138 |    515 |    472 |   1060 |   2 | 1326.5 |
   Elven Halls |   1890 |   1851 |     39 |    152 |   1457 |   1 | 1890.0 |
        Vaults |   4932 |   4839 |     93 |   1896 |   2099 |   3 | 1644.0 |
       Ossuary |    451 |    451 |      0 |    100 |    138 |   1 |  451.0 |
        Bailey |   1207 |   1207 |      0 |    425 |    339 |   1 | 1207.0 |
      Ice Cave |   1736 |   1736 |      0 |    895 |    332 |   1 | 1736.0 |
      Gauntlet |    671 |    671 |      0 |    100 |    326 |   1 |  671.0 |
               +--------+--------+--------+--------+--------+-----+--------+

Top non-repeatable levels by time:
Vaults:1: 2578 daAuts
 Swamp:4: 2487 daAuts
Vaults:2: 2301 daAuts
 Swamp:3: 2003 daAuts
   Elf:1: 1890 daAuts
  Lair:5: 1839 daAuts
   IceCv: 1736 daAuts
     D:6: 1660 daAuts
    D:10: 1640 daAuts
   Orc:1: 1618 daAuts
    D:12: 1455 daAuts
     D:5: 1389 daAuts
 Swamp:1: 1381 daAuts
     D:3: 1298 daAuts
  Bailey: 1207 daAuts
